 Dungeon Crawl Stone Soup version 0.30.1-9-gdf580d7c3d (webtiles) character file.

Game seed: 1597463142462711567

411 fireball365 the Chopper (level 6, -1/53 HPs)
             Began as a Hill Orc Fighter on Oct 8, 2023.
             Was an Initiate of Gozag.
             Slain by Pikel
             ... wielding a +1 whip of electrocution
              (3 damage)
             ... on level 4 of the Dungeon.
             The game lasted 00:05:44 (3001 turns).

fireball365 the Chopper (Hill Orc Fighter)          Turns: 3001, Time: 00:05:45

Health: -1/53      AC: 14    Str: 21    XL:     6   Next: 90%
Magic:  15/15      EV:  6    Int: 14    God:    Gozag
Gold:   347        SH:  4    Dex: 10    Spells: 5/5 levels left

rFire   . . .        a - +0 war axe (flame)
rCold   . . .        c - +0 buckler
rNeg    . . .        l - +0 plate armour
rPois   .            z - +1 helmet
rElec   .            (no cloak)
rCorr   .            (no gloves)
SInv    .            (no boots)
Will    .....        (no amulet) Stlth
                     q - +6 ring of intelligence
HPRegen 0.28/turn    i - ring of magical power
MPRegen 0.14/turn

%: no passive effects
@: studying Necromancy
A: no striking features
a: Renounce Religion, Potion Petition, Call Merchant, Bribe Branch


You were on level 4 of the Dungeon.
You worshipped Gozag.
Gozag was aware of your devotion.
You visited 2 branches of the dungeon, and saw 5 of its levels.

You collected 471 gold pieces.
You paid 124 gold pieces to Gozag.

Inventory:

Hand Weapons
 a - a +0 war axe of flaming (weapon)
Missiles
 m - 11 poisoned darts (quivered)
 r - a throwing net
 t - 4 boomerangs
Armour
 c - a +0 buckler (worn)
 l - a +0 plate armour (worn)
 z - a +1 helmet (worn)
Jewellery
 i - a ring of magical power (right hand)
 q - a +6 ring of intelligence (left hand)
Wands
 y - a wand of paralysis (15)
Scrolls
 e - a scroll of enchant weapon {unknown}
 j - a scroll of immolation {unknown}
 k - a scroll of amnesia {unknown}
 o - a scroll of brand weapon
 p - a scroll of blinking {unknown}
 s - 3 scrolls of magic mapping
 u - 2 scrolls of poison
 w - a scroll of enchant armour {unknown}
 x - a scroll of fog {unknown}
 A - a scroll of vulnerability {unknown}
 B - a scroll of identify
Potions
 b - a potion of heal wounds
 d - a potion of might
 f - a potion of mutation {unknown}
 g - 2 potions of degeneration
 h - a potion of attraction {unknown}
 n - 4 potions of curing
 v - a potion of invisibility {unknown}


   Skills:
 + Level 4.7 Fighting
 + Level 6.6 Axes
 + Level 4.7 Armour
 + Level 0.3 Dodging
 + Level 0.8 Stealth
 + Level 4.2 Shields


You had 5 spell levels left.
You didn't know any spells.
Your spell library contained the following spells:

 Spells                   Type           Power      Damage    Failure   Level
 Apportation              Tloc           0%         N/A       100%        1
 Necrotise                Necr           0%         1d4       100%        1
 Summon Small Mammal      Summ           0%         N/A       100%        1
 Ensorcelled Hibernation  Hex/Ice        0%         N/A       100%        2
 Frozen Ramparts          Ice            0%         1d1       100%        3
 Spider Form              Tmut/Pois      0%         N/A       100%        3
 Anguish                  Hex/Necr       0%         N/A       100%        4
 Ice Form                 Ice/Tmut       0%         N/A       100%        4
 Summon Ice Beast         Ice/Summ       0%         N/A       100%        4


Dungeon Overview and Level Annotations

Branches:
Dungeon (4/15)             Temple (1/1) D:4

Altars:
Ashenzari
Cheibriados
Elyvilon
Fedhas
Gozag
Kikubaaqudgha
Nemelex Xobeh
Qazlal
Ru
Trog
Vehumet
Wu Jian
Zin
The Shining One

Shops:
D:4 [

Annotations:
D:4 Pikel


Message History

The lemure attacks as you move away! The lemure hits you.
You hit Pikel. You burn Pikel.
Pikel is lightly wounded.
Pikel hits you with a +1 whip of electrocution.
You hit Pikel. You burn Pikel.
Pikel is moderately wounded.
Pikel hits you with a +1 whip of electrocution.
You closely miss Pikel.
Pikel is moderately wounded.
Pikel hits you with a +1 whip of electrocution!
You slash Pikel! You burn Pikel.
Pikel is severely wounded.
Pikel drinks a potion.
Pikel is healed!
You closely miss Pikel.
Pikel is moderately wounded.
Pikel barely misses you.
You hit Pikel. You burn Pikel.
Pikel is moderately wounded.
Pikel barely misses you.
Pikel hits you with a +1 whip of electrocution.
You are electrocuted!
You closely miss Pikel.
Pikel is moderately wounded.
Pikel hits you but does no damage.
You are electrocuted!!
* * * LOW HITPOINT WARNING * * *
You hit Pikel. You burn Pikel.
Pikel is heavily wounded.
Pikel hits you with a +1 whip of electrocution.
* * * LOW HITPOINT WARNING * * *
You slash Pikel! You burn Pikel.
Pikel is almost dead.
You block Pikel's attack.
You completely miss Pikel.
Pikel is almost dead.
Pikel hits you but does no damage. Pikel barely misses you.
You closely miss Pikel.
Pikel is almost dead.
Pikel hits you with a +1 whip of electrocution.
You die...
Your body crumbles into a pile of gold.

#.....#............#.....
#.....#............#....[
..... #.........)..#####.
..### #............# #. .
#............# .
#..5...........
#...5....###..##
#####5.....>..#
#.@K55....#.###
#.######..#. #. ..# ## .#
#


You could see Pikel and 3 lemures.

Vanquished Creatures
  Sigmund (D:3)
  2 hounds
  Ijyb (D:4)
  An iguana (D:4)
  Robin (D:4)
  3 gnolls (D:2)
  2 adders
  A worm (D:2)
  2 dart slugs
  6 orcs
  3 ball pythons
  3 bats
  2 endoplasms
  15 goblins
  12 hobgoblins
  A quokka (D:3)
  4 frilled lizards
  8 kobolds
  2 rats
70 creatures vanquished.

Notes
Turn   | Place    | Note
-------+----------+-------------------------------------------
     0 | D:1      | fireball365 the Hill Orc Fighter began the quest for the
                  | Orb.
     0 | D:1      | Reached XP level 1. HP: 19/19 MP: 1/1
   243 | D:1      | Reached XP level 2. HP: 23/27 MP: 2/2
   382 | D:1      | Reached skill level 3 in Axes
  1175 | D:2      | Reached XP level 3. HP: 33/33 MP: 3/3
  1209 | D:2      | Reached XP level 4. HP: 15/40 MP: 4/4
  1474 | D:2      | Found a faded altar of an unknown god.
  1692 | D:3      | Reached skill level 4 in Axes
  1722 | D:3      | Paralysed by a hobgoblin for 2 turns
  1736 | D:3      | Paralysed by a hobgoblin for 3 turns
  1832 | D:3      | Reached XP level 5. HP: 35/46 MP: 5/5
  1987 | D:3      | Noticed Sigmund
  2016 | D:3      | Killed Sigmund
  2017 | D:3      | Reached skill level 5 in Axes
  2017 | D:3      | Reached XP level 6. HP: 35/53 MP: 6/6
  2362 | D:4      | Found Heigiel's Armour Emporium.
  2454 | D:4      | Found a staircase to the Ecumenical Temple.
  2464 | Temple   | Entered the Ecumenical Temple
  2641 | Temple   | Became a worshipper of Gozag Ym Sagoz the Greedy
  2681 | D:4      | Reached skill level 6 in Axes
  2779 | D:4      | Noticed Robin
  2787 | D:4      | Killed Robin
  2897 | D:4      | Noticed Ijyb
  2907 | D:4      | Killed Ijyb
  2960 | D:4      | Noticed Pikel
  2997 | D:4      | HP: 2/53 [Pikel/+1 whip of electrocution (20)]
  3001 | D:4      | Slain by Pikel

Illustrated notes

Levels and vault maps discovered:
D:1:      minmay_arrival_arboretum_small, layout_loops_ring
D:2:      layout_rooms, shapermc_ecumenical_altar_mp_vishouse
D:3:      kennysheep_big_flooded_room, layout_basic, minmay_gold_behind_fungi,
          kennysheep_cluttered_room, uniq_sigmund
D:4:      layout_basic, minmay_temple_entry_glassed_door, serial_shops, shop,
          corexii_checkpoint_a, uniq_ijyb, uniq_pikel, uniq_robin, uniq_edmund
Temple:   nicolae_temple_bog_church

Skill      XL: |  1  2  3  4  5  6 |
---------------+-------------------+-----
Axes           | 3 4 5 6 |  6.6
Fighting       | 4 |  4.7
Armour         | 4 |  4.7
Shields        | 4 |  4.2
Dodging        | |  0.3
Stealth        | |  0.8

Action                     |  1- 3 |  4- 6 || total
---------------------------+-------+-------++-------
  Melee: War axe           |    61 |   177 ||   238
    Use: Scroll            |     2 |     3 ||     5
 Armour: Scale mail        |    29 |       ||    29
         Plate armour      |    16 |   121 ||   137
  Dodge: Dodged            |    37 |    48 ||    85
  Block: Buckler           |    14 |    47 ||    61
